cohdb
Replays
Latest Replays
All Replays
Popular Replays
Top Player Replays
Match Explorer
How It Works
Community
CoH3 Stats
Reddit
Sign in to upload your games and track your stats! →
Sign in with Steam
Match 45381108
Unlisted
Match 45381108
Overview
Messages
Build Orders
End
Scout Squad
Selects Armored Battlegroup
Selects Veteran Crews
Construct Weapon Support Center
Engineer Squad
M1919 Machine Gun Team
M1919 Machine Gun Team
Air Support Center
M3 Armored Personnel Carrier
Grasshopper Recon Run
P-47 Strafing Run
Selects Fast Deploy
M3 Armored Personnel Carrier
M1919 Machine Gun Team
Bazooka Squad
Construct Barracks
Riflemen Squad
Air Supply
Double Sortie
P-47 Dive Bomb
Riflemen Squad
Selects Seek and Destroy
P-47 Strafing Run
Grasshopper Recon Run
P-47 Dive Bomb
Grasshopper Recon Run
P-47 Strafing Run
M3 Armored Personnel Carrier
Riflemen Squad
P-47 Strafing Run
Grasshopper Recon Run
M1918 Browning Automatic Rifles
P-47 Dive Bomb
Riflemen Squad
Grasshopper Recon Run
P-47 Dive Bomb
P-47 Strafing Run
Grasshopper Recon Run
P-47 Dive Bomb
Selects M4A3E8 Sherman Combat Group
M4A3E8 Sherman Combat Group
M4A3E8 Sherman Combat Group
Grasshopper Recon Run
P-47 Strafing Run
Grasshopper Recon Run
Selects M31 Recovery Vehicle
Construct Tank Depot
Grasshopper Recon Run
Seek and Destroy
Selects War Machine
M4A3E8 Sherman Combat Group
Grasshopper Recon Run
Seek and Destroy
K̳itsuné
BlueSkidrow™
Dunkerque
WilllTHENOOBz
0
0
Comments
sign in to comment!
No comments posted yet!